 Dungeon Sprint DCSS version 0.30-a0-1016-gfb0d676c02 (webtiles) character file.

Game seed: 10523296447553798774

16331 NinjaNoafa the Ninja (level 12, -20/59 (69) HPs) *EXPLORE*
             Began as a Spriggan Enchanter on Apr 6, 2023.
             Was the Champion of Dithmenos.
             Killed from afar by Josephine (35 damage)
             ... with a ghostly fireball
             ... in the Dungeon (Sprint VII: "The Pits").
             The game lasted 00:10:58 (1768 turns).

NinjaNoafa the Ninja (Spriggan Enchanter)           Turns: 1768, Time: 00:10:59

HP:   -20/59 (69)   AC:  2    Str:  4    XL:     12   Next: 9%
MP:   18/25         EV: 32    Int: 21    God:    Dithmenos [******]
Gold: 38            SH:  0    Dex: 22    Spells: 16/27 levels left

rFire   . . .      SeeInvis +    p - +2 rapier (venom)
rCold   + . .      Faith    .    (no shield)
rNeg    . . .      Spirit   .    b - +0 robe
rPois   .          Reflect  .    (helmet restricted)
rElec   .          Rampage  .    (no cloak)
rCorr   .          NoTele   +    (gloves unavailable)
Will    ++...                    (boots unavailable) Stlth *********+
                                 (no amulet)
HPRegen 0.29/turn                y - +6 ring of dexterity
MPRegen 0.19/turn                A - ring of protection from cold

@: wreathed by umbra, heavily drained, very quick
A: very small, no large weapons, unfitting armour, see invisible, speed 3
a: Renounce Religion, Shadow Step, Shadow Form


You were in the Dungeon.
You worshipped Dithmenos.
Dithmenos was exalted by your worship.
You visited 1 branch You collected 38 gold pieces.

Inventory:

Hand Weapons
 p - a +2 rapier of venom (weapon)
Missiles
 e - a boomerang (quivered)
 C - 7 poisoned darts
Armour
 b - a +0 robe (worn)
Jewellery
 m - a +3 ring of dexterity
 n - a +3 ring of strength
 y - a +6 ring of dexterity (left hand)
 z - a ring of wizardry
 A - a ring of protection from cold (right hand)
Scrolls
 a - 5 scrolls of amnesia
 i - 2 scrolls of blinking
 k - 2 scrolls of summoning
 l - 2 scrolls of vulnerability
 q - 3 scrolls of identify
 s - 2 scrolls of fear
 t - 2 scrolls of enchant armour
 u - 2 scrolls of enchant weapon
Potions
 c - 3 potions of invisibility
 d - 6 potions of curing
 f - 2 potions of haste
 g - 4 potions of magic
 h - a potion of berserk rage
 j - 12 potions of heal wounds
 o - 2 potions of mutation
 v - 3 potions of brilliance
 w - a potion of resistance
 B - a potion of attraction
Miscellaneous
 x - a lightning rod (4/4)


   Skills:
 + Level 10.9 Fighting
 - Level 10.0 Short Blades
 + Level 15.4 Dodging
 O Level 27 Stealth
 - Level 8.0 Spellcasting
 - Level 8.0 Hexes
 - Level 5.0 Ice Magic
 + Level 13.0 Invocations


You had 16 spell levels left.
You knew the following spells:

 Your Spells              Type           Power      Damage    Failure   Level
a - Confusing Touch       Hex            42%        N/A       1%          3
b - Tukima's Dance        Hex            42%        N/A       1%          3
c - Ensorcelled Hibernat  Hex/Ice        70%        N/A       1%          2
d - Dazzling Flash        Conj/Hex       50%        N/A       4%          3

Your spell library contained the following spells:

 Spells                   Type           Power      Damage    Failure   Level


Dungeon Overview and Level Annotations

Branches:
Dungeon (1/1)

Altars:
Ashenzari
Cheibriados
Dithmenos
Elyvilon
Fedhas
Gozag
Hepliaklqana
Kikubaaqudgha
Makhleb
Nemelex Xobeh
Okawaru
Qazlal
Ru
Sif Muna
Trog
Uskayaw
Vehumet
Wu Jian
Xom
Yredelemnul
Zin
The Shining One
Jiyva
Lugonu

Annotations:
D Josephine


Innate Abilities, Weirdness & Mutations

You are very small and have problems with some larger weapons.
You are too small for most types of armour.
You have supernaturally acute eyesight. (SInv)
You cover ground extremely quickly. (Speed+++)


Message History

Die? [Y]es or [N]o only, please.
Die? [Y]es or [N]o only, please.
Die? [Y]es or [N]o only, please.
Die? [Y]es or [N]o only, please.
Die? [Y]es or [N]o only, please.
Die? [Y]es or [N]o only, please.
Die? [Y]es or [N]o only, please.
Die? [Y]es or [N]o only, please.
Die? [Y]es or [N]o only, please.
Die? [Y]es or [N]o only, please.
Die? [Y]es or [N]o only, please.
Die? [Y]es or [N]o only, please.
Die? [Y]es or [N]o only, please.
Die? [Y]es or [N]o only, please.
Die? [Y]es or [N]o only, please.
Die? [Y]es or [N]o only, please.
Die? [Y]es or [N]o only, please.
Die? [Y]es or [N]o only, please.
Die? [Y]es or [N]o only, please.
Die?
You die...

################+#
....).÷..........#
......[.)........#
+##############..#
#..# #.[# #§§#
#WW# #§@# #W@#
#§§# #..# #..#
#++#


You could see Josephine (extremely poisoned) and 3 wraiths.

Vanquished Creatures
  A deep elf blademaster (D)
  Gastronok (D)
  Nessos (D)
  A great orb of eyes (D)
  An alligator snapping turtle (D)
  A death yak (D)
  A shadow wraith (D)
  2 flayed ghosts (D)
  A sea snake (D)
  A lindwurm (D)
  A gargoyle (D)
  2 orange demons (D)
  An unseen horror (D)
  3 komodo dragons (D)
  A kobold demonologist (D)
  2 freezing wraiths (D)
  2 red devils (D)
  A guardian mummy (D)
  A hellwing (D)
  A hornet (D)
  4 merfolk (D)
  A spriggan (D)
  A vampire (D)
  A wyvern (D)
  9 yaks (D)
  A large abomination (D)
  A fire bat (D)
  A steam dragon (D)
  A redback (D)
  A warg (D)
  An orc warrior (D)
  A swamp drake (D)
  A wolf (D)
  2 ogres (D)
  A phantom (D)
  A kobold brigand (D)
  A necrophage (D)
  2 gnoll sergeants (D)
  3 scorpions (D)
  6 killer bees (D)
  A quasit (D)
  A hound (D)
  2 gnoll boudas (D)
  A hell rat (D)
  16 gnolls (D)
  An adder (D)
  2 ufetubi (D)
  An adder zombie (D)
  An orc (D)
  A bat zombie (D)
  2 hobgoblins (D)
  2 ball pythons (D)
  A giant cockroach zombie (D)
  A goblin (D)
  A kobold (D)
  A quokka zombie (D)
  A rat (D)
102 creatures vanquished.

Vanquished Creatures (collateral kills)
  A merfolk impaler (D)
1 creature vanquished.

Vanquished Creatures (others)
  A dancing weapon (D)
1 creature vanquished.

Grand Total: 104 creatures vanquished

Notes
Turn   | Place    | Note
-------+----------+-------------------------------------------
     0 | D        | NinjaNoafa the Spriggan Enchanter began the quest for the
                  | Orb.
     0 | D        | Reached XP level 1. HP: 9/9 MP: 5/5
    43 | D        | Found a bloodstained altar of Trog.
    43 | D        | Found a shimmering blue altar of Sif Muna.
    43 | D        | Found a viscous altar of Jiyva.
    43 | D        | Found a hazy altar of Hepliaklqana.
    43 | D        | Found an opulent altar of Gozag.
    44 | D        | Found a glowing golden altar of the Shining One.
    44 | D        | Found a glowing silver altar of Zin.
    44 | D        | Found a basalt altar of Yredelemnul.
    44 | D        | Found a shimmering altar of Xom.
    44 | D        | Found an ornate altar of the Wu Jian Council.
    44 | D        | Found a sacrificial altar of Ru.
    44 | D        | Found a stormy altar of Qazlal.
    44 | D        | Found an iron altar of Okawaru.
    44 | D        | Found a sparkling altar of Nemelex Xobeh.
    44 | D        | Found a burning altar of Makhleb.
    44 | D        | Found a blossoming altar of Fedhas.
    44 | D        | Found a white marble altar of Elyvilon.
    44 | D        | Found a shadowy altar of Dithmenos.
    44 | D        | Found a snail-covered altar of Cheibriados.
    45 | D        | Found a radiant altar of Vehumet.
    45 | D        | Found a corrupted altar of Lugonu.
    46 | D        | Found a hide-covered altar of Uskayaw.
    46 | D        | Found an ancient bone altar of Kikubaaqudgha.
    46 | D        | Found a broken altar of Ashenzari.
    55 | D        | Became a worshipper of Dithmenos the Shadowed
   102 | D        | Noticed a scorpion
   103 | D        | Reached * piety under Dithmenos
   104 | D        | Reached skill level 5 in Stealth
   119 | D        | Killed a scorpion
   120 | D        | Reached skill level 5 in Dodging
   120 | D        | Reached skill level 7 in Stealth
   120 | D        | Reached skill level 5 in Hexes
   120 | D        | Reached XP level 2. HP: 7/13 MP: 6/8
   120 | D        | Reached XP level 3. HP: 9/16 MP: 6/9
   152 | D        | Learned a level 3 spell: Confusing Touch
   156 | D        | Learned a level 3 spell: Tukima's Dance
   159 | D        | Learned a level 2 spell: Ensorcelled Hibernation
   184 | D        | Noticed a scorpion
   199 | D        | Reached ** piety under Dithmenos
   200 | D        | Reached XP level 4. HP: 21/21 MP: 4/11
   202 | D        | Noticed a gnoll sergeant
   203 | D        | Entered explore mode.
   204 | D        | HP: 1/21 [gnoll/+0 club[a gnoll sergeant] (4)]
   206 | D        | Mangled by a gnoll
                  | ... wielding a +0 club
                  | ... led by a gnoll sergeant
                  | (8 damage)
   214 | D        | Slain by a gnoll sergeant
                  | ... wielding a +0 spear
                  | (9 damage)
   219 | D        | Slain by a gnoll
                  | ... wielding a +0 flail
                  | ... led by a gnoll sergeant
                  | (11 damage)
   221 | D        | Reached skill level 1 in Ice Magic
   225 | D        | Slain by a gnoll sergeant
                  | ... wielding a +0 spear
                  | (9 damage)
   231 | D        | Reached *** piety under Dithmenos
   235 | D        | Killed a scorpion
   236 | D        | Reached skill level 5 in Short Blades
   236 | D        | Reached skill level 8 in Stealth
   236 | D        | Reached skill level 5 in Spellcasting
   236 | D        | Reached XP level 5. HP: 18/24 MP: 1/13
   238 | D        | Mangled by a gnoll sergeant
                  | ... wielding a +0 spear
                  | (10 damage)
   251 | D        | Slain by a gnoll sergeant
                  | ... wielding a +0 spear
                  | (10 damage)
   258 | D        | Reached skill level 9 in Stealth
   348 | D        | Noticed a wolf
   358 | D        | Reached **** piety under Dithmenos
   359 | D        | Reached XP level 6. HP: 13/28 MP: 8/14
   362 | D        | Reached skill level 10 in Stealth
   384 | D        | Reached skill level 11 in Stealth
   407 | D        | Noticed an orc warrior
   425 | D        | Killed an orc warrior
   425 | D        | Reached ***** piety under Dithmenos
   426 | D        | Reached XP level 7. HP: 15/32 MP: 1/15
   525 | D        | Noticed a komodo dragon
   527 | D        | Killed a komodo dragon
   528 | D        | Reached skill level 10 in Short Blades
   528 | D        | Reached skill level 10 in Dodging
   528 | D        | Reached skill level 12 in Stealth
   528 | D        | Reached skill level 5 in Ice Magic
   528 | D        | Reached skill level 1 in Fighting
   534 | D        | Reached skill level 13 in Stealth
   536 | D        | Reached XP level 8. HP: 39/39 MP: 16/16
   547 | D        | Noticed a hornet
   553 | D        | Killed a hornet
   657 | D        | Learned a level 3 spell: Dazzling Flash
   661 | D        | Reached ****** piety under Dithmenos
   666 | D        | Noticed an orange demon
   670 | D        | Killed an orange demon
   671 | D        | Reached skill level 14 in Stealth
   680 | D        | Noticed a lindwurm
   684 | D        | Killed a lindwurm
   685 | D        | Reached skill level 5 in Fighting
   685 | D        | Reached skill level 15 in Stealth
   685 | D        | Reached XP level 9. HP: 48/48 MP: 14/17
   696 | D        | Noticed a great orb of eyes
   696 | D        | Noticed a guardian mummy
   708 | D        | Reached skill level 16 in Stealth
   710 | D        | Reached skill level 1 in Invocations
   727 | D        | Killed a guardian mummy
   753 | D        | Reached skill level 17 in Stealth
   766 | D        | Slain by a large abomination (20 damage)
   781 | D        | Noticed a red devil
   781 | D        | Noticed a kobold demonologist
   786 | D        | Killed a kobold demonologist
   787 | D        | Killed a red devil
   788 | D        | Reached skill level 5 in Invocations
   796 | D        | Blown up by a great orb of eyes (42 damage)
                  | ... with a mindburst bolt
   817 | D        | Mangled by a great orb of eyes (10 damage)
   822 | D        | Killed a great orb of eyes
   823 | D        | Reached skill level 18 in Stealth
   823 | D        | Reached XP level 10. HP: 22/56 MP: 0/23
   955 | D        | Noticed a shadow wraith
   955 | D        | Noticed a gargoyle
   956 | D        | Noticed a flayed ghost
   957 | D        | Killed a gargoyle
   960 | D        | Killed a shadow wraith
   961 | D        | Reached skill level 19 in Stealth
   963 | D        | Killed a flayed ghost
   976 | D        | Reached skill level 20 in Stealth
  1018 | D        | Noticed a flayed ghost
  1022 | D        | Killed a flayed ghost
  1070 | D        | Noticed an orange demon
  1078 | D        | Reached skill level 10 in Fighting
  1093 | D        | Reached skill level 21 in Stealth
  1101 | D        | Killed an orange demon
  1102 | D        | Reached skill level 10 in Invocations
  1102 | D        | Reached XP level 11. HP: 36/63 MP: 3/24
  1103 | D        | Noticed a death yak
  1154 | D        | Killed a death yak
  1155 | D        | Reached skill level 22 in Stealth
  1180 | D        | Mangled by a freezing wraith (21 damage)
  1214 | D        | HP: 1/63 [kobold brigand/+0 short sword (4)]
  1216 | D        | Mangled by a merfolk
                  | ... wielding a +0 trident
                  | (11 damage)
  1235 | D        | Reached skill level 23 in Stealth
  1250 | D        | Noticed an alligator snapping turtle
  1261 | D        | Killed an alligator snapping turtle
  1402 | D        | Noticed a deep elf blademaster
  1406 | D        | Reached skill level 24 in Stealth
  1406 | D        | Demolished by a deep elf blademaster
                  | ... wielding a +0 rapier
                  | (21 damage)
  1408 | D        | Slain by a deep elf blademaster
                  | ... wielding a +0 rapier
                  | (29 damage)
  1411 | D        | HP: 1/63 [deep elf blademaster/+0 rapier (13)]
  1413 | D        | Demolished by a deep elf blademaster
                  | ... wielding a +0 rapier
                  | (15 damage)
  1416 | D        | Mangled by a deep elf blademaster
                  | ... wielding a +0 rapier
                  | (18 damage)
  1418 | D        | Slain by a yak (9 damage)
  1424 | D        | HP: 1/63 [deep elf blademaster/+0 rapier (10)]
  1427 | D        | Mangled by a deep elf blademaster
                  | ... wielding a +0 rapier
                  | (24 damage)
  1432 | D        | Slain by a deep elf blademaster
                  | ... wielding a +0 rapier
                  | (11 damage)
  1437 | D        | Killed a deep elf blademaster
  1438 | D        | Reached skill level 25 in Stealth
  1443 | D        | Mangled by a redback (14 damage)
  1479 | D        | Noticed Nessos
  1482 | D        | Reached skill level 26 in Stealth
  1486 | D        | Killed Nessos
  1509 | D        | Noticed a merfolk impaler
  1511 | D        | Noticed a sea snake
  1515 | D        | Reached skill level 27 in Stealth
  1520 | D        | Killed a sea snake
  1524 | D        | Mangled by a merfolk impaler
                  | ... wielding a +1 demon trident of
                  | electrocution
                  | (21 damage)
  1535 | D        | HP: 3/64 [merfolk impaler/+1 demon trident of electrocution
                  | (9)]
  1542 | D        | Killed a merfolk impaler
  1548 | D        | Noticed Gastronok
  1750 | D        | Noticed Josephine
  1753 | D        | Killed Gastronok
  1754 | D        | Reached skill level 15 in Dodging
  1754 | D        | Reached XP level 12. HP: 69/69 MP: 25/25
  1768 | D        | Killed from afar by Josephine

Illustrated notes

Levels and vault maps discovered:
D:        pitsprint [storerooms_1, entrance_room_1, metal_vault_6, armoury_2,
          mini_pit_1, grid_room_1, main_hall_1, silver_pit, the_coven_2,
          the_vestibule_1, steel_vault_3, golden_pit, hallway_of_sentries,
          crystal_vault_1, iron_vault_4, final_vault]

Skill      XL: |  1  2  3  4  5  6  7  8  9 10 11 |
---------------+----------------------------------+-----
Dodging        | 5 6 7 9 10 13 14 15 | 15.4
Spellcasting   | 4 5 8 |  8.0
Stealth        | 7 8 9 11 13 15 18 21 27 | 27.0
Hexes          | 5 6 7 8 |  8.0
Short Blades   | 4 5 6 8 10 | 10.0
Ice Magic      | 2 3 4 5 |  5.0
Fighting       | 2 5 8 10 | 10.9
Invocations    | 6 10 13 | 13.0

Action                     |  1- 3 |  4- 6 |  7- 9 | 10-12 || total
---------------------------+-------+-------+-------+-------++-------
  Melee: Dagger            |    23 |    76 |    15 |       ||   114
         Punch             |       |     4 |       |     4 ||     8
         Rapier            |       |       |    93 |   204 ||   297
   Cast: Tukima's Dance    |     2 |       |       |     2 ||     4
         Ensorcelled Hiber |       |     8 |     6 |    18 ||    32
         Confusing Touch   |       |     2 |     2 |     3 ||     7
         Dazzling Flash    |       |       |     1 |     4 ||     5
 Invoke: Shadow Step       |       |     1 |     1 |     3 ||     5
         Shadow Form       |       |       |     1 |     1 ||     2
  Evoke: Lightning rod     |       |       |       |     4 ||     4
    Use: Potion            |     3 |     1 |     1 |    11 ||    16
   Stab: Sleeping          |     3 |     6 |    13 |    21 ||    43
         Invisible         |     2 |       |    12 |    10 ||    24
         Confused          |       |     1 |       |     1 ||     2
 Armour: Robe              |       |     5 |       |     3 ||     8
  Dodge: Dodged            |    18 |    96 |    42 |   372 ||   528

Table legend: (Time is in decaauts)
 A = Elapsed time spent in this place.
 B = Non-inter-level travel time spent in this place.
 C = Inter-level travel time spent in this place.
 D = Time resting spent in this place.
 E = Time spent auto-exploring this place.
 F = Levels seen in this place.
 G = Mean time per level.
                   A        B        C        D        E       F      G
               +--------+--------+--------+--------+--------+-----+--------+
         Total |   1409 |   1312 |     97 |    525 |     76 |   1 | 1409.0 |
       Dungeon |   1409 |   1312 |     97 |    525 |     76 |   1 | 1409.0 |
               +--------+--------+--------+--------+--------+-----+--------+

Top non-repeatable levels by time:
       D: 1409 daAuts
